 Dungeon Crawl Stone Soup version 0.27.1-4-g1640c2035a (webtiles) character file.

Game seed: 9296200604165545177

126146 DearestLeader the Cleaver (level 16, -4/125 HPs)
             Began as a Gnoll Necromancer on Nov 10, 2021.
             Was the Champion of Makhleb.
             Slain by a merfolk impaler (10 damage)
             ... on level 3 of the Shoals on Nov 12, 2021.
             The game lasted 01:29:12 (31082 turns).

DearestLeader the Cleaver (Gnoll Necromancer)      Turns: 31082, Time: 01:29:14

Health: -4/125     AC: 28    Str: 16    XL:     16   Next: 97%
Magic:  24/32      EV: 16    Int: 14    God:    Makhleb [******]
Gold:   1422       SH: 12    Dex: 19    Spells: 15/39 levels left

rFire    + + .     SeeInvis .   Q - +7 morningstar of Oziote {flame, *Slow rF+ Str+4 Dex+3}
rCold    . . .     Faith    .   T - +0 buckler {reflect}
rNeg     + . .     Spirit   .   F - +3 scale mail "Tagolis" {Regen+ Dex+4}
rPois    .         Reflect  +   P - +2 helmet
rElec    +         Harm     .   m - +1 cloak {Stlth+}
rCorr    .         Rampage  .   H - +1 pair of gloves
Will     +....                  t - +2 pair of boots
Stlth    +++.......             O - amulet of reflection
HPRegen  1.30/turn              b - ring of Vofomoth {rElec rF+ AC+4 Int-4}
MPRegen  0.23/turn              a - ring of positive energy

@: about to teleport, marked, engulfed (cannot breathe), mesmerised, studying
Axes, very slow
A: fangs 1, strong nose, distributed training
a: Renounce Religion, Minor Destruction, Lesser Servant of Makhleb, Major
Destruction, Greater Servant of Makhleb


You were on level 3 of the Shoals.
You worshipped Makhleb.
Makhleb was exalted by your worship.
You visited 6 branches of the dungeon, and saw 28 of its levels.
You visited 1 bazaar.
You also visited: Ice Cave.

You collected 3763 gold pieces.
You spent 2341 gold pieces at shops.

Inventory:

Hand Weapons
 r - a +4 long sword of holy wrath
 L - the +9 rapier "Qeajoh" {spect, rElec}
   (You bought it in a shop in a bazaar)

   When its wielder attacks, the weapon's spirit leaps out and strikes again.
   The spirit shares a part of any damage it takes with its wielder.
   rElec:     It insulates you from electricity.
 M - a +0 demon trident of venom
 Q - the +7 morningstar of Oziote (weapon) {flame, *Slow rF+ Str+4 Dex+3}
   (You bought it in a shop on level 2 of the Orcish Mines)

   It burns those it strikes, dealing additional fire damage.
   Str:       It affects your strength (+4).
   Dex:       It affects your dexterity (+3).
   rF:        It protects you from fire.
   *Slow:     It may slow you when you take damage.
 Y - a +5 broad axe of venom
Missiles
 e - 8 throwing nets
 J - 7 curare-tipped darts (quivered)
Armour
 m - a +1 cloak of stealth (worn)
 p - a +1 troll leather armour {Purgy}
 t - a +2 pair of boots (worn)
 F - the +3 scale mail "Tagolis" (worn) {Regen+ Dex+4}
   (You found it on level 14 of the Dungeon)

   Dex:       It affects your dexterity (+4).
   Regen:     It increases your rate of health regeneration.
 H - a +1 pair of gloves (worn)
 N - a +0 tower shield of cold resistance
 P - a +2 helmet (worn)
 T - a +0 buckler of reflection (worn)
Jewellery
 a - a ring of positive energy (right hand)
 b - the ring of Vofomoth (left hand) {rElec rF+ AC+4 Int-4}
   (You found it on level 7 of the Dungeon)

   [ring of protection]

   AC:        It affects your AC (+4).
   Int:       It affects your intelligence (-4).
   rF:        It protects you from fire.
   rElec:     It insulates you from electricity.
 g - a ring of willpower
 i - a ring of willpower
 j - a ring of protection from fire
 n - an amulet of magic regeneration
 z - a +4 ring of evasion
 O - an amulet of reflection (around neck)
 R - an amulet of regeneration
 S - a ring of flight
Wands
 s - a wand of polymorph (37)
 x - a wand of paralysis (17)
 A - a wand of flame (109)
 B - a wand of acid (18)
 D - a wand of mindburst (11)
 E - a wand of digging (9)
 I - a wand of charming (12)
 K - a wand of iceblast (55)
Scrolls
 f - 9 scrolls of teleportation
 h - 8 scrolls of amnesia
 q - 2 scrolls of magic mapping
 C - a scroll of identify
 G - a scroll of fear
 Z - a scroll of enchant armour
Potions
 c - 4 potions of mutation
 d - 4 potions of curing
 k - 3 potions of haste
 l - 5 potions of resistance
 o - 2 potions of might
 u - 2 potions of invisibility
 v - 3 potions of flight
 w - 5 potions of brilliance
 U - 3 potions of cancellation
 X - a potion of ambrosia {unknown}
Miscellaneous
 y - a piece from Xom's chessboard (15/15)
 V - a piece from Xom's chessboard (15/15)
 W - a piece from Xom's chessboard (15/15)


   Skills:
 + Level 11.2 Fighting
 + Level 11.2 Short Blades
 + Level 11.2 Long Blades
 + Level 13.8 Axes
 + Level 11.2 Maces & Flails
 + Level 11.2 Polearms
 + Level 11.2 Staves
 + Level 11.2 Slings
 + Level 11.2 Bows
 + Level 11.2 Crossbows
 + Level 11.2 Throwing
 + Level 11.2 Armour
 + Level 12.0 Dodging
 + Level 11.8 Stealth
 + Level 11.2 Shields
 + Level 11.2 Unarmed Combat
 + Level 12.1 Spellcasting
 + Level 9.5 Conjurations
 + Level 9.5 Hexes
 + Level 9.5 Summonings
 + Level 11.6 Necromancy
 + Level 9.5 Translocations
 + Level 9.5 Transmutations
 + Level 9.5 Fire Magic
 + Level 9.5 Ice Magic
 + Level 9.5 Air Magic
 + Level 9.5 Earth Magic
 + Level 9.5 Poison Magic
 + Level 12.1 Invocations
 + Level 11.2 Evocations


You had 15 spell levels left.
You knew the following spells:

 Your Spells              Type           Power      Damage    Failure   Level
a - Pain                  Necr           100%       1d9       1%          1
b - Animate Skeleton      Necr           82%        N/A       1%          1
c - Vampiric Draining     Necr           20%        2d8       1%          3
d - Stone Arrow           Conj/Erth      70%        3d11      1%          3
e - Confusing Touch       Hex            35%        N/A       1%          3
f - Summon Mana Viper     Hex/Summ       35%        N/A       13%         5
g - Swiftness             Air            35%        N/A       1%          3
h - Borgnjor's Vile Clut  Necr/Erth      19%        N/A       9%          5

Your spell library contained the following spells:

 Spells                   Type           Power      Damage    Failure   Level
 Corona                   Hex            38%        N/A       1%          1
 Magic Dart               Conj           100%       1d8       1%          1
 Shock                    Conj/Air       100%       1d9       1%          1
 Summon Small Mammal      Summ           100%       N/A       1%          1
 Ensorcelled Hibernation  Hex/Ice        70%        N/A       1%          2
 Searing Ray              Conj           70%        3d5       1%          2
 Slow                     Hex            35%        N/A       1%          2
 Static Discharge         Conj/Air       35%        N/A       1%          2
 Call Canine Familiar     Summ           35%        N/A       1%          3
 Dazzling Flash           Conj/Hex       70%        N/A       1%          3
 Inner Flame              Hex/Fire       35%        N/A       1%          3
 Summon Guardian Golem    Hex/Summ       35%        N/A       1%          3
 Tukima's Dance           Hex            35%        N/A       1%          3
 Animate Dead             Necr           20%        N/A       1%          4
 Airstrike                Air            17%        N/A       4%          4
 Animate Armour           Summ/Erth      70%        N/A       4%          4
 Cause Fear               Hex            17%        N/A       4%          4
 Fulminant Prism          Conj/Hex       17%        3d11      4%          4
 Passage of Golubria      Tloc           N/A        N/A       4%          4
 Summon Ice Beast         Ice/Summ       35%        N/A       4%          4
 Agony                    Necr           41%        N/A       5%          5
 Alistair's Intoxication  Tmut/Pois      23%        N/A       13%         5
 Bolt of Magma            Conj/Fire/Erth 17%        4d9       13%         5
 Fireball                 Conj/Fire      17%        3d9       13%         5
 Iskenderun's Battlesphe  Conj           35%        2d9       13%         5
 Lightning Bolt           Conj/Air       17%        1d32      13%         5
 Silence                  Hex/Air        17%        N/A       13%         5
 Yara's Violent Unravell  Hex/Tmut       17%        3d8       13%         5
 Conjure Ball Lightning   Conj/Air       17%        3x3d6     58%         6
 Eringya's Noxious Bog    Tmut/Pois      17%        N/A       58%         6
 Monstrous Menagerie      Summ           17%        N/A       99%         7
 Orb of Destruction       Conj           17%        9d8       99%         7
 Borgnjor's Revivificati  Necr           20%        N/A       100%        8
 Discord                  Hex            17%        N/A       100%        8
 Lehudib's Crystal Spear  Conj/Erth      17%        10d5      100%        8
 Maxwell's Capacitive Co  Air            17%        ∞         100%        8
 Necromutation            Tmut/Necr      19%        N/A       100%        8
 Death's Door             Necr           20%        N/A       100%        9
 Shatter                  Erth           17%        3d16*     100%        9


Dungeon Overview and Level Annotations

Branches:
Dungeon (15/15)            Temple (1/1) D:6            Lair (6/6) D:11
 Shoals (3/4) Lair:4        Snake (1/4) Lair:2        Slime (0/5) Lair:5
    Orc (2/2) D:12            Elf (0/3) Orc:2        Vaults (0/5) D:14
 Depths (0/5) D:15          IceCv (visited)

Altars:
Ashenzari
Cheibriados
Dithmenos
Elyvilon
Fedhas
Gozag
Hepliaklqana
Kikubaaqudgha
Makhleb
Nemelex Xobeh
Okawaru
Qazlal
Ru
Sif Muna
Trog
Uskayaw
Vehumet
Wu Jian
Xom
Yredelemnul
Zin
The Shining One
Beogh
Jiyva

Shops:
D:3 **   Orc:1 :*   Orc:2 (:([   Shoals:1 *

Annotations:
D:8 1 runed translucent door, makewrite's ghost, novice MiBe


Innate Abilities, Weirdness & Mutations

You have very sharp teeth.
Your uncanny sense of smell can sniff out nearby items.
Your experience applies equally to all skills.


Message History

The harpy closely misses you. The harpy claws you! The harpy misses you.
You block the merfolk impaler's attack. The harpy claws your mana viper! x2
The harpy claws you but does no damage. The harpy barely misses you.
You block the merfolk's attack.
A wind drake comes into view.
The water elemental hits you.
A merfolk comes into view. It is wielding a +0 trident.
The merfolk impaler hits you from afar with a +2 trident of venom!
You are poisoned.
The water elemental misses your mana viper.
Unknown command.
You sock the harpy! You burn the harpy.
The harpy is almost dead.
You feel very sick.
The harpy claws you but does no damage. x2; The harpy claws your mana viper!
The harpy closely misses your mana viper.
The harpy misses you. You block the harpy's attack. The harpy claws you!
* * * LOW HITPOINT WARNING * * *
The harpy closely misses you. The harpy claws your mana viper.
Your mana viper dies!
The harpy claws you but does no damage. The harpy barely misses you.
A manticore comes into view.
The merfolk impaler hits you from afar with a +2 trident of venom!
* * * LOW HITPOINT WARNING * * *
You are more poisoned.
The water elemental hits you.
* * * LOW HITPOINT WARNING * * *
The water elemental engulfs you in water!
The merfolk hits you from afar with a +0 trident!
* * * LOW HITPOINT WARNING * * *
A snapping turtle comes into view.
The harpy claws you but does no damage. The harpy closely misses you.
The merfolk avatar chants its luring song.
You feel better.
* * * LOW HITPOINT WARNING * * *
Your lungs strain for air!
You block the harpy's attack. The harpy claws you but does no damage.
You block the harpy's attack.
The harpy claws you but does no damage. x3
The merfolk impaler hits you from afar with a +2 trident of venom!
You die...

≈≈≈≈≈≈P≈≈≈≈≈.≈≈≈≈.≈≈≈≈.....≈...
≈≈≈≈≈≈≈.......≈≈.≈≈≈≈≈..≈≈≈....
≈≈≈≈≈≈....[.≈≈≈≈≈≈≈≈≈≈........≈
≈≈≈≈≈...###.≈...≈..≈≈≈≈≈≈.....≈
≈≈≈≈≈≈≈.###.≈.....≈≈≈≈≈≈≈≈##..≈
≈≈≈≈≈≈≈≈.....)..≈≈≈≈≈≈≈≈≈≈.##.≈
≈≈≈≈≈≈≈≈≈≈..≈≈≈≈≈≈≈≈≈≈≈≈≈≈≈≈≈≈
≈≈≈≈≈≈≈≈≈≈≈≈≈≈≈≈≈≈≈≈≈≈≈≈≈≈≈≈≈≈
≈≈≈≈≈≈≈≈≈≈≈≈H@≈≈≈≈≈≈≈≈≈≈≈≈
≈≈≈≈≈≈≈≈≈≈≈EEHH≈≈≈≈≈≈≈≈≈≈≈≈
≈≈≈≈≈≈≈.)Emmmm≈≈≈≈≈≈≈≈≈≈≈
≈≈≈≈≈....≈≈Em≈≈≈≈≈≈≈≈≈≈≈≈
≈≈≈........mm.mm≈≈≈≈≈≈≈≈≈
≈≈≈.###....km..m≈≈≈≈≈≈≈≈ ≈≈..
#........m≈≈≈..#
≈≈≈.###.......H.t♣...# ∆
≈≈...>..............#


You could see a merfolk avatar (mesmerising), 2 merfolk impalers, a merfolk
aquamancer, a snapping turtle, a wind drake (repels missiles), 7 merfolk, a
manticore, 4 water elementals, a water nymph and 3 harpies.

Vanquished Creatures
  Gastronok (Lair:1)
  A frost giant (IceCv)
  An orc warlord (Orc:2)
  Harold (Lair:1)
  Erolcha (D:11)
  A vault guard (D:14)
  A boulder beetle (D:15)
  2 merfolk aquamancers
  7 hydras
  6 two-headed ogres
  6 centaur warriors
  An alligator (Lair:6)
  A satyr (Shoals:3)
  A tengu warrior (D:15)
  12 death yaks
  Nergalle (Lair:1)
  A skeletal warrior (D:13)
  A goliath frog (Lair:6)
  9 sea snakes
  5 harpies (Shoals:1)
  A harpy (shapeshifter) (D:14)
  An orc knight (D:15)
  3 wizards
  A deep elf pyromancer (D:15)
  A deep elf zephyrmancer (D:15)
  3 orc sorcerers
  10 ugly things
  6 manticores
  6 fauns
  3 necromancers
  5 cyclopes
  3 merfolk sirens
  A black mamba (shapeshifter) (D:10)
  7 black mambas
  A torpor snail (Lair:2)
  An unseen horror (D:10)
  A naga mage (D:15)
  17 cane toads
  2 gargoyles
  Maggie (Lair:1)
  An efreet (D:15)
  A yaktaur (shapeshifter) (D:15)
  2 kobold demonologists (D:6)
  6 komodo dragons
  15 rime drakes
  5 nameless horrors
  A tengu conjurer (D:14)
  2 wind drakes
  4 polar bears
  2 tyrant leeches
  5 trolls
  Grinder (D:6)
  2 meliai (D:13)
  11 merfolk
  20 blink frogs
  2 hornets
  10 slime creatures
  6 dream sheep
  3 snapping turtles
  2 centaur simulacra (D:15)
  3 water elementals
  2 shadows
  2 vampires
  5 wraiths
  19 humans (D:14)
  A wyvern (Lair:2)
  35 yaks
  9 basilisks
  12 vampire mosquitoes
  Menkaure (D:5)
  4 nagas (Lair:2)
  A warg (Orc:1)
  An acid dragon (D:9)
  14 water moccasins
  Purgy (D:3)
  25 orc warriors
  A swamp drake (D:12)
  9 black bears
  9 necrophages
  11 centaurs
  2 boggarts (D:12)
  3 ogres (Orc:2)
  29 wolves
  2 phantoms
  2 kobold brigands (D:10)
  2 wyvern zombies
  A water moccasin zombie (D:6)
  22 bullfrogs
  6 scorpions
  7 killer bees
  14 wights
  6 electric eels
  5 howler monkeys
  4 centaur zombies
  A human zombie (D:6)
  2 hounds
  3 jellies
  4 bullfrog zombies
  2 centaur skeletons
  20 orc priests
  2 iguanas
  16 orc wizards
  A killer bee zombie (D:6)
  A hound skeleton (D:4)
  2 howler monkey zombies
  A mummy (D:6)
  10 adders
  A shadow imp (D:8)
  2 worms
  5 dart slugs
  74 orcs
  7 ball pythons
  9 endoplasms
  6 giant cockroaches
  8 goblins
  7 hobgoblins
  3 jackals (D:5)
  4 quokkas
  11 bats
  3 frilled lizards
  14 kobolds
  5 rats
729 creatures vanquished.

Vanquished Creatures (collateral kills)
  Jorgrun (Orc:2)
  3 merfolk impalers
  2 merfolk javelineers (Shoals:2)
  4 hydras
  2 merfolk aquamancers (Shoals:2)
  A two-headed ogre (D:12)
  2 merfolk avatars
  A death yak (IceCv)
  Urug (D:12)
  3 skeletal warriors (D:13)
  A goliath frog (Lair:6)
  2 sea snakes (Shoals:2)
  A naga ritualist (Snake:1)
  A mana viper (Snake:1)
  2 orc knights
  2 manticores
  An ice statue (IceCv)
  A black mamba (Snake:1)
  3 cane toads (Lair:6)
  A centaur skeleton (D:15)
  A tengu conjurer (D:15)
  5 merfolk
  3 polar bears
  A meliai (D:13)
  2 blink frogs
  A wind drake (Shoals:2)
  4 slime creatures
  A snapping turtle (Shoals:2)
  2 water elementals
  8 yaks
  5 vampire mosquitoes
  A warg (Orc:1)
  2 orc warriors
  2 boggarts (D:12)
  3 necrophages (Lair:3)
  5 wolves
  An electric eel (D:12)
  A howler monkey (D:12)
  5 orc priests
  2 orc wizards
  11 orcs
101 creatures vanquished.

Vanquished Creatures (others)
  A wizard (D:14)
  An orc warrior (D:12)
  50 fungi
  158 plants
210 creatures vanquished.

Grand Total: 1040 creatures vanquished

Notes
Turn   | Place    | Note
-------+----------+-------------------------------------------
     0 | D:1      | DearestLeader the Gnoll Necromancer began the quest for the
                  | Orb.
     0 | D:1      | Reached XP level 1. HP: 13/13 MP: 6/6
     2 | D:1      | Learned a level 1 spell: Animate Skeleton
    95 | D:1      | Reached XP level 2. HP: 15/19 MP: 7/7
   684 | D:1      | Reached XP level 3. HP: 25/25 MP: 9/9
   744 | D:1      | Reached skill level 5 in Spellcasting
   766 | D:1      | Learned a level 3 spell: Vampiric Draining
  1219 | D:2      | Reached skill level 1 in Invocations
  1497 | D:2      | Reached skill level 1 in Fighting
  1497 | D:2      | Reached skill level 1 in Short Blades
  1497 | D:2      | Reached skill level 1 in Long Blades
  1497 | D:2      | Reached skill level 1 in Axes
  1497 | D:2      | Reached skill level 1 in Maces & Flails
  1497 | D:2      | Reached skill level 1 in Polearms
  1497 | D:2      | Reached skill level 1 in Staves
  1497 | D:2      | Reached skill level 1 in Slings
  1497 | D:2      | Reached skill level 1 in Bows
  1497 | D:2      | Reached skill level 1 in Crossbows
  1497 | D:2      | Reached skill level 1 in Throwing
  1497 | D:2      | Reached skill level 1 in Armour
  1497 | D:2      | Reached skill level 1 in Shields
  1497 | D:2      | Reached skill level 1 in Unarmed Combat
  1497 | D:2      | Reached skill level 1 in Evocations
  1497 | D:2      | Reached XP level 4. HP: 21/32 MP: 8/11
  2091 | D:2      | Found a faded altar of an unknown god.
  2363 | D:3      | Noticed Purgy
  2383 | D:3      | Killed Purgy
  2384 | D:3      | Reached skill level 1 in Conjurations
  2384 | D:3      | Reached skill level 1 in Hexes
  2384 | D:3      | Reached skill level 1 in Summonings
  2384 | D:3      | Reached skill level 1 in Translocations
  2384 | D:3      | Reached skill level 1 in Transmutations
  2384 | D:3      | Reached skill level 1 in Fire Magic
  2384 | D:3      | Reached skill level 1 in Ice Magic
  2384 | D:3      | Reached skill level 1 in Air Magic
  2384 | D:3      | Reached skill level 1 in Earth Magic
  2384 | D:3      | Reached skill level 1 in Poison Magic
  2384 | D:3      | Reached XP level 5. HP: 11/37 MP: 0/12
  3033 | D:3      | Found Nanuotiurr's General Store.
  3042 | D:3      | Bought a potion of heal wounds for 70 gold pieces
  3076 | D:3      | Found Asatuotez's General Store.
  3225 | D:4      | Found a sparkling altar of Nemelex Xobeh.
  3289 | D:4      | Reached XP level 6. HP: 44/44 MP: 13/13
  3361 | D:4      | Noticed a black bear
  3379 | D:4      | Killed a black bear
  3380 | D:4      | Reached skill level 2 in Axes
  3380 | D:4      | Reached skill level 5 in Dodging
  3639 | D:4      | Reached XP level 7. HP: 22/50 MP: 5/15
  3847 | D:5      | Entered Level 5 of the Dungeon
  3884 | D:5      | Found a snail-covered altar of Cheibriados.
  3910 | D:5      | Noticed Menkaure
  3922 | D:5      | Killed Menkaure
  4042 | D:5      | Reached skill level 5 in Stealth
  4084 | D:5      | Found an ornate altar of the Wu Jian Council.
  4313 | D:6      | Reached XP level 8. HP: 37/57 MP: 12/16
  4319 | D:6      | Reached skill level 3 in Axes
  4462 | D:6      | Noticed a troll
  4577 | D:6      | Learned a level 3 spell: Stone Arrow
  4687 | D:6      | Found a staircase to the Ecumenical Temple.
  4693 | D:6      | Noticed Grinder
  4705 | D:6      | Killed Grinder
  4715 | Temple   | Entered the Ecumenical Temple
  4910 | Temple   | Became a worshipper of Makhleb the Destroyer
  5208 | D:6      | Reached XP level 9. HP: 53/65 MP: 18/18
  5228 | D:6      | Noticed a kobold demonologist
  5229 | D:6      | Noticed a kobold demonologist
  5253 | D:6      | Killed a kobold demonologist
  5254 | D:6      | Reached skill level 4 in Axes
  5256 | D:6      | Noticed a red devil
  5295 | D:6      | Noticed an orange demon
  5371 | D:6      | Found an ancient bone altar of Kikubaaqudgha.
  5874 | D:6      | Killed a kobold demonologist
  5875 | D:6      | Reached skill level 5 in Invocations
  6019 | D:6      | Killed a troll
  6167 | D:7      | Found a glowing silver altar of Zin.
  6313 | D:7      | Reached XP level 10. HP: 49/71 MP: 20/20
  6375 | D:7      | Reached * piety under Makhleb
  6502 | D:7      | Reached skill level 5 in Fighting
  6502 | D:7      | Reached skill level 5 in Short Blades
  6502 | D:7      | Reached skill level 5 in Long Blades
  6502 | D:7      | Reached skill level 5 in Axes
  6502 | D:7      | Reached skill level 5 in Maces & Flails
  6502 | D:7      | Reached skill level 5 in Polearms
  6502 | D:7      | Reached skill level 5 in Staves
  6502 | D:7      | Reached skill level 5 in Slings
  6502 | D:7      | Reached skill level 5 in Bows
  6502 | D:7      | Reached skill level 5 in Crossbows
  6502 | D:7      | Reached skill level 5 in Throwing
  6502 | D:7      | Reached skill level 5 in Armour
  6502 | D:7      | Reached skill level 5 in Shields
  6502 | D:7      | Reached skill level 5 in Unarmed Combat
  6502 | D:7      | Reached skill level 5 in Evocations
  6520 | D:7      | Identified the ring of Vofomoth {rElec rF+ AC+4 Int-4}
  6943 | D:8      | Found a white marble altar of Elyvilon.
  7182 | D:8      | Noticed a manticore
  7198 | D:8      | Killed a manticore
  7514 | D:8      | Found a runed translucent door.
  7514 | D:8      | Found a shimmering altar of Xom.
  7514 | D:8      | Noticed a +2 whip of chaos
  7514 | D:8      | Noticed makewrite's ghost (novice MiBe)
  7848 | D:8      | Found a basalt altar of Yredelemnul.
  8186 | D:9      | Noticed a two-headed ogre
  8200 | D:9      | Killed a two-headed ogre
  8316 | D:9      | Reached ** piety under Makhleb
  8374 | D:9      | Reached XP level 11. HP: 81/81 MP: 22/22
  9139 | D:10     | Entered Level 10 of the Dungeon
  9205 | D:10     | Reached skill level 6 in Axes
  9253 | D:10     | Reached skill level 5 in Conjurations
  9253 | D:10     | Reached skill level 5 in Hexes
  9253 | D:10     | Reached skill level 5 in Summonings
  9253 | D:10     | Reached skill level 5 in Translocations
  9253 | D:10     | Reached skill level 5 in Transmutations
  9253 | D:10     | Reached skill level 5 in Fire Magic
  9253 | D:10     | Reached skill level 5 in Ice Magic
  9253 | D:10     | Reached skill level 5 in Air Magic
  9253 | D:10     | Reached skill level 5 in Earth Magic
  9253 | D:10     | Reached skill level 5 in Poison Magic
  9258 | D:10     | Learned a level 3 spell: Confusing Touch
 10040 | D:10     | Noticed a two-headed ogre
 10056 | D:10     | Killed a two-headed ogre
 10194 | D:11     | Noticed a two-headed ogre
 10240 | D:10     | Killed a two-headed ogre
 10313 | D:11     | Noticed Erolcha
 10374 | D:11     | Killed Erolcha
 10492 | D:11     | Noticed a seven-headed hydra
 10547 | D:11     | Reached *** piety under Makhleb
 10594 | D:11     | Found a staircase to the Lair.
 10608 | Lair:1   | Entered Level 1 of the Lair of Beasts
 10608 | Lair:1   | Noticed Nergalle
 10614 | Lair:1   | Noticed Harold
 10616 | Lair:1   | Noticed a spectral orc warlord
 10765 | Lair:1   | Reached XP level 12. HP: 89/89 MP: 14/24
 10768 | Lair:1   | Reached skill level 7 in Axes
 10832 | Lair:1   | Noticed Gastronok
 10879 | Lair:1   | Killed Gastronok
 10896 | Lair:1   | Noticed Maggie
 10914 | Lair:1   | Killed Maggie
 10934 | Lair:1   | You fall into a shaft and drop 1 floor!
 10934 | Lair:2   | Found a staircase to the Snake Pit.
 11170 | Lair:1   | Killed Nergalle
 11415 | Lair:1   | Killed Harold
 12095 | Lair:2   | Noticed a four-headed hydra
 12185 | Lair:2   | Reached skill level 8 in Axes
 12353 | Lair:2   | Reached **** piety under Makhleb
 12376 | Lair:2   | Learned a level 5 spell: Summon Mana Viper
 12454 | Lair:2   | Killed a five-headed hydra
 12754 | Lair:2   | Noticed an eight-headed hydra
 12772 | Lair:2   | Killed an eight-headed hydra
 13003 | Lair:2   | Reached XP level 13. HP: 98/98 MP: 26/26
 13389 | Lair:3   | Reached skill level 9 in Axes
 13474 | Lair:3   | Found a frozen archway.
 13510 | IceCv    | Entered an ice cave
 13695 | IceCv    | Reached ***** piety under Makhleb
 13956 | IceCv    | Reached skill level 10 in Necromancy
 14103 | IceCv    | Noticed a frost giant
 14156 | IceCv    | Killed a frost giant
 14300 | IceCv    | Reached skill level 10 in Axes
 14657 | Lair:3   | Reached skill level 10 in Spellcasting
 15347 | Lair:4   | Identified the +3 hand axe of Exchange {venom, Will+}
 15482 | Lair:4   | Reached XP level 14. HP: 90/106 MP: 13/28
 15496 | Lair:4   | Reached skill level 10 in Dodging
 15680 | Lair:4   | Found a staircase to the Shoals.
 15908 | Lair:4   | Reached skill level 10 in Stealth
 16308 | Lair:5   | Paralysed by a hornet for 1 turns
 16339 | Lair:5   | Learned a level 3 spell: Swiftness
 16821 | Lair:5   | Found a runed translucent door.
 16821 | Lair:5   | Found a viscous altar of Jiyva.
 16821 | Lair:5   | Found a staircase to the Slime Pits.
 16830 | Lair:5   | Reached skill level 10 in Invocations
 16993 | Lair:5   | Reached skill level 11 in Axes
 17372 | Lair:6   | Entered Level 6 of the Lair of Beasts
 17527 | Lair:6   | Reached ****** piety under Makhleb
 18195 | Lair:6   | HP: 4/108 [wolf (8)]
 19735 | D:11     | Reached XP level 15. HP: 106/115 MP: 29/29
 20952 | D:12     | Noticed Urug
 20970 | D:12     | Killed Urug
 21238 | D:12     | Found a staircase to the Orcish Mines.
 21457 | Orc:1    | Entered Level 1 of the Orcish Mines
 21457 | Orc:1    | Found Xesiwn's Book Boutique.
 21522 | Orc:1    | Found Xerax's Assorted Antiques.
 21865 | Orc:1    | Bought a scroll of teleportation for 66 gold pieces
 22030 | D:3      | Bought a scroll of acquirement for 728 gold pieces
 22030 | D:3      | Acquired 1046 gold pieces
 22506 | Orc:2    | Entered Level 2 of the Orcish Mines
 22629 | Orc:2    | Reached skill level 12 in Axes
 22766 | Orc:2    | Found Qewian's Antique Weapon Shoppe.
 22844 | Orc:2    | Found a staircase to the Elven Halls.
 23006 | Orc:2    | Paralysed by an orc sorcerer for 2 turns
 23180 | Orc:2    | Found Gykaff's Book Shoppe.
 23180 | Orc:2    | Noticed Jorgrun
 23202 | Orc:2    | Killed Jorgrun
 23243 | Orc:2    | Learned a level 5 spell: Borgnjor's Vile Clutch
 23463 | Orc:2    | Reached skill level 10 in Fighting
 23463 | Orc:2    | Reached skill level 10 in Short Blades
 23463 | Orc:2    | Reached skill level 10 in Long Blades
 23463 | Orc:2    | Reached skill level 10 in Maces & Flails
 23463 | Orc:2    | Reached skill level 10 in Polearms
 23463 | Orc:2    | Reached skill level 10 in Staves
 23463 | Orc:2    | Reached skill level 10 in Slings
 23463 | Orc:2    | Reached skill level 10 in Bows
 23463 | Orc:2    | Reached skill level 10 in Crossbows
 23463 | Orc:2    | Reached skill level 10 in Throwing
 23463 | Orc:2    | Reached skill level 10 in Armour
 23463 | Orc:2    | Reached skill level 10 in Shields
 23463 | Orc:2    | Reached skill level 10 in Unarmed Combat
 23463 | Orc:2    | Reached skill level 10 in Evocations
 23465 | Orc:2    | Noticed an orc warlord
 23727 | Orc:2    | Found Roaniapn's Antique Armour Emporium.
 23729 | Orc:2    | Found Urucveh's Antique Weapon Shoppe.
 23736 | Orc:2    | Bought an ichor-stained ring mail for 252 gold pieces
 23736 | Orc:2    | Identified the +0 ring mail of Analysis {Rampage rPois rF-
                  | Str+6} (You bought it in a shop on level 2 of the Orcish
                  | Mines)
 23736 | Orc:2    | Bought an ancient buckler for 266 gold pieces
 23736 | Orc:2    | Identified the -1 buckler of the Hot Ocelot {rF+ Str-2
                  | Dex+4} (You bought it in a shop on level 2 of the Orcish
                  | Mines)
 23742 | Orc:2    | Bought a faintly glowing morningstar for 297 gold pieces
 23742 | Orc:2    | Identified the +7 morningstar of Oziote {flame, *Slow rF+
                  | Str+4 Dex+3} (You bought it in a shop on level 2 of the
                  | Orcish Mines)
 23794 | Orc:2    | Killed an orc warlord
 25948 | D:14     | Found a gate to the Vaults.
 26213 | D:14     | Found a broken altar of Ashenzari.
 26217 | D:14     | You fall into a shaft and drop 1 floor!
 26217 | D:15     | Entered Level 15 of the Dungeon
 26515 | D:15     | Reached XP level 16. HP: 121/123 MP: 21/31
 27002 | D:15     | Reached skill level 13 in Axes
 27326 | D:15     | Found a staircase to the Depths.
 27643 | D:14     | Identified the +3 scale mail "Tagolis" {Regen+ Dex+4}
 28285 | Snake:1  | Entered Level 1 of the Snake Pit
 28672 | Shoals:1 | Entered Level 1 of the Shoals
 29066 | Shoals:1 | Found Kiteoleph's General Store.
 29091 | Shoals:1 | Bought a +1 pair of gloves for 195 gold pieces
 29394 | Shoals:2 | Found a flickering gateway to a bazaar.
 29405 | Bazaar   | Entered a bazaar
 29405 | Bazaar   | Found Naun's General Store.
 29405 | Bazaar   | Found Poiwk's Antique Weapon Emporium.
 29484 | Bazaar   | Found Saphosko's Antique Armour Boutique.
 29492 | Bazaar   | Bought a glowing cloak for 157 gold pieces
 29506 | Bazaar   | Found Mytimuw's Magic Scroll Shoppe.
 29523 | Bazaar   | Found Ygidolan's Jewellery Boutique.
 29542 | Bazaar   | Bought a bone rapier for 216 gold pieces
 29542 | Bazaar   | Identified the +9 rapier "Qeajoh" {spect, rElec} (You
                  | bought it in a shop in a bazaar)
 29559 | Bazaar   | Bought a pair of boots for 94 gold pieces
 31081 | Shoals:3 | HP: 4/125 [merfolk (13)]
 31082 | Shoals:3 | Slain by a merfolk impaler

Illustrated notes

Levels and vault maps discovered:
D:1:      scummos_arrival_checkerplants, layout_loops_ring
D:2:      layout_basic, dreamdust_ecumenical_altar_hidden_monk_grotto,
          grunt_ministairs_3
D:3:      layout_basic, serial_shops, shop, nicolae_lakefront_shop, uniq_purgy
D:4:      layout_rooms, mainiacjoe_overflow_chevrons, kennysheep_flooded_box,
          hex_intersection
D:5:      layout_rooms, lemuel_doored_altar, mainiacjoe_overflow_catwalk,
          uniq_menkaure
D:6:      layout_loops_corners, lemuel_mausoleum_altar_kikubaaqudgha,
          minmay_temple_entry_mini_moons, uniq_grinder
D:7:      layout_cave_pools, zin_scriptorium
D:8:      layout_basic, kennysheep_ying_yang, ebering_ghost_xom,
          minmay_microvault
D:9:      statuecave_lemuel, layout_long_grid, minmay_door_square
D:10:     layout_basic, minmay_fractal_squares_gapless_5
D:11:     layout_long_grid, grunt_lair_entry_orc_guard_hut, uniq_erolcha
D:12:     layout_basic, erik_orc_1, uniq_urug
D:13:     layout_stronghold
D:14:     layout_basic, grunt_vaults_entry_tiered, ashenzari_conservatory_becter
D:15:     grunt_enter_depths_magical_seal, layout_loops_ring,
          patterned_corridor, chequers_serial_rivers_marsh, solitary_fountain
Temple:   regret_index_temple_waves
Lair:1:   layout_cave_pods, grunt_megastairs_5, serial_bayou_shore_b,
          uniq_harold, uniq_nergalle, uniq_gastronok, uniq_maggie
Lair:2:   layout_chaotic_city, minmay_snake_entry_guardpost_medium
Lair:3:   layout_chaotic_city, portal_ice_cave_entry_pillars_1,
          roderic_carrion_pond
Lair:4:   layout_misc_corridors, elwin_shoals_entry_stream,
          minmay_lair_drake_nest, grunt_megastairs_1
Lair:5:   layout_small_grid, slime_altar_2, st_stairs_10, serial_bayou_shore_b
Lair:6:   minmay_lair_end_frog_pond, layout_layer_cave
Shoals:1: layout_shoals, serial_shops, nicolae_shop_statue_plus
Shoals:2: cheibrodos_shoals_three_sisters, layout_shoals, serial_shops,
          bzr_entry_customers
Shoals:3: cheibrodos_shoals_epimethial_gifts, layout_shoals, lemuel_oklob_altar
Snake:1:  layout_onion_interference, nicolae_snake_slithery_corners,
          minmay_shoptagon, grunt_megastairs_3
Orc:1:    layout_caves, serial_shops, shop_fountains, shop
Orc:2:    grunt_orc_community_town_hall, layout_caves,
          grunt_orc_community_big_house_2, grunt_orc_community_big_house_2,
          grunt_orc_community_house_1, grunt_orc_community_house_2,
          grunt_orc_community_house_3, grunt_orc_community_house_1, uniq_jorgrun

Skill      XL: |  1  2  3  4  5  6  7  8  9 10 11 12 13 14 15 16 |
---------------+-------------------------------------------------+-----
Spellcasting   | 5 6 7 8 9 10 11 12 | 12.1
Invocations    | 1 2 3 4 5 6 7 8 9 10 11 12 | 12.1
Fighting       | 1 2 3 4 5 6 7 8 9 10 11 | 11.2
Short Blades   | 1 2 3 4 5 6 7 8 9 10 11 | 11.2
Long Blades    | 1 2 3 4 5 6 7 8 9 10 11 | 11.2
Axes           | 1 2 3 4 5 6 8 10 11 12 13 | 13.8
Maces & Flails | 1 2 3 4 5 6 7 8 9 10 11 | 11.2
Polearms       | 1 2 3 4 5 6 7 8 9 10 11 | 11.2
Staves         | 1 2 3 4 5 6 7 8 9 10 11 | 11.2
Slings         | 1 2 3 4 5 6 7 8 9 10 11 | 11.2
Bows           | 1 2 3 4 5 6 7 8 9 10 11 | 11.2
Crossbows      | 1 2 3 4 5 6 7 8 9 10 11 | 11.2
Throwing       | 1 2 3 4 5 6 7 8 9 10 11 | 11.2
Armour         | 1 2 3 4 5 6 7 8 9 10 11 | 11.2
Shields        | 1 2 3 4 5 6 7 8 9 10 11 | 11.2
Unarmed Combat | 1 2 3 4 5 6 7 8 9 10 11 | 11.2
Evocations     | 1 2 3 4 5 6 7 8 9 10 11 | 11.2
Conjurations   | 1 2 3 4 5 6 7 8 9 |  9.5
Hexes          | 1 2 3 4 5 6 7 8 9 |  9.5
Summonings     | 1 2 3 4 5 6 7 8 9 |  9.5
Translocations | 1 2 3 4 5 6 7 8 9 |  9.5
Transmutations | 1 2 3 4 5 6 7 8 9 |  9.5
Fire Magic     | 1 2 3 4 5 6 7 8 9 |  9.5
Ice Magic      | 1 2 3 4 5 6 7 8 9 |  9.5
Air Magic      | 1 2 3 4 5 6 7 8 9 |  9.5
Earth Magic    | 1 2 3 4 5 6 7 8 9 |  9.5
Poison Magic   | 1 2 3 4 5 6 7 8 9 |  9.5
Dodging        | 5 6 7 8 9 10 11 12 | 12.0
Stealth        | 5 6 7 8 9 10 11 | 11.8
Necromancy     | 8 9 10 11 | 11.6

Action                   |  1- 3 |  4- 6 |  7- 9 | 10-12 | 13-15 | 16-18 || total
-------------------------+-------+-------+-------+-------+-------+-------++-------
Melee: Short sword       |    90 |   148 |   356 |       |       |       ||   594
       Mace              |     3 |       |       |       |       |       ||     3
       Bite              |     7 |     6 |    42 |    83 |   207 |    47 ||   392
       Scimitar          |       |       |       |   603 |  1361 |       ||  1964
       Morningstar       |       |       |       |    15 |   325 |   410 ||   750
       Whip              |       |       |       |       |    23 |       ||    23
Throw: Dart              |       |       |       |       |     2 |       ||     2
 Cast: Pain              |     9 |     6 |    10 |    23 |    10 |     6 ||    64
       Vampiric Draining |     2 |     6 |    13 |    62 |    76 |    14 ||   173
       Stone Arrow       |       |       |     8 |       |     4 |     6 ||    18
       Animate Skeleton  |       |       |     1 |    16 |    35 |       ||    52
       Confusing Touch   |       |       |       |     1 |     2 |       ||     3
       Summon Mana Viper |       |       |       |     4 |    56 |    30 ||    90
       Borgnjor's Vile C |       |       |       |       |    15 |     6 ||    21
       Swiftness         |       |       |       |       |     2 |     1 ||     3
Invok: Greater Servant o |       |       |       |       |       |     2 ||     2
Evoke: Wand              |       |       |     1 |     1 |       |       ||     2
  Use: Scroll            |       |     2 |     1 |    13 |    11 |    10 ||    37
       Potion            |       |       |     1 |     1 |     4 |     3 ||     9
 Stab: Sleeping          |     8 |     4 |     7 |    14 |    36 |    12 ||    81
       Distracted        |       |       |       |     2 |    13 |     4 ||    19
       Confused          |       |       |       |       |     1 |       ||     1
Armor: Robe              |    16 |    12 |       |       |       |       ||    28
       Troll leather arm |       |    33 |    65 |   257 |   544 |    38 ||   937
       Scale mail        |       |       |       |       |       |   206 ||   206
Dodge: Dodged            |    68 |   123 |   169 |   456 |   985 |   316 ||  2117
Block: Buckler           |       |    12 |    65 |   340 |  1075 |   335 ||  1827
       Reflection        |       |       |       |     6 |    20 |    18 ||    44
       Rpst.: Scimitar   |       |       |       |   110 |   208 |       ||   318
